 Dungeon Crawl Stone Soup version 0.20.1-1-g8b1a95d (webtiles) character file.

161 ReignOfFire the Slasher (level 5, -10/39 HPs)
             Began as a Demonspawn Gladiator on July 19, 2017.
             Mangled by tschems's ghost (12 damage)
             ... on level 4 of the Dungeon.
             The game lasted 00:04:03 (2662 turns).

ReignOfFire the Slasher (Demonspawn Gladiator)      Turns: 2662, Time: 00:04:04

Health: -10/39     AC:  5    Str: 15    XL:     5   Next: 18%
Magic:  5/5        EV: 12    Int:  9    God:
Gold:   147        SH:  0    Dex: 15    Spells: 4/4 levels left

rFire    . . .     SeeInvis +   a - +0 long sword
rCold    . . .     Gourm    .   (no shield)
rNeg     . . .     Faith    .   b - +0 leather armour
rPois    .         Spirit   .   (helmet unavailable)
rElec    .         Reflect  .   (no cloak)
rCorr    .         Harm     .   l - +1 pair of gloves
MR       .....                  (no boots)
Stlth    ++........             (no amulet)
Regen    0.6/turn               e - ring of see invisible
MPRegen  0.1/turn               (no ring)

@: heavily drained
A: horns 3, talons 1, nightstalker 1, regeneration 1
a: no special abilities


You were on level 4 of the Dungeon.
You were not hungry.

You visited 1 branch of the dungeon, and saw 4 of its levels.

You collected 147 gold pieces.

Inventory:

Hand Weapons
 a - a +0 long sword (weapon)
Missiles
 d - 2 throwing nets (quivered)
Armour
 b - a +0 leather armour (worn)
 c - a +0 helmet
 l - a +1 pair of gloves (worn)
Jewellery
 e - a ring of see invisible (left hand)
 w - an uncursed amulet of harm
Wands
 r - a wand of digging (12/24)
Scrolls
 g - a scroll of blinking {unknown}
 h - a scroll of enchant armour {unknown}
 k - a scroll of identify {unknown}
 m - a scroll of noise {unknown}
 n - a scroll of teleportation {unknown}
 p - 3 scrolls of remove curse
Potions
 o - a potion of degeneration {unknown}
 q - 2 potions of haste
 s - a potion of curing {unknown}
 t - a potion of invisibility {unknown}
Comestibles
 f - 2 bread rations
 i - a chunk of flesh
 j - a fruit
 u - a meat ration


   Skills:
 + Level 2.6(1.0) Fighting
 + Level 4.1(2.4) Long Blades
 + Level 2.0(0.5) Throwing
 + Level 1.0(0.0) Armour
 + Level 3.3(1.7) Dodging
 + Level 1.0(0.0) Stealth


You had 4 spell levels left.
You didn't know any spells.

Dungeon Overview and Level Annotations

Branches:
Dungeon (4/15)
 Temple: D:4-7

Altars:
Gozag
Nemelex Xobeh

Annotations:
D:4 tschems's ghost, novice HuFi


Innate Abilities, Weirdness & Mutations

You have a pair of large horns on your head.
You are slightly more attuned to the shadows.
You have sharp toenails.
Your natural rate of healing is unusually fast.


Message History

Your headbutt misses tschems's ghost.
Tschems's ghost is moderately damaged.
Tschems's ghost hits you. The frilled lizard closely misses you.
Unknown command.
You closely miss tschems's ghost.
Tschems's ghost is moderately damaged.
Tschems's ghost hits you! The frilled lizard bites you.
Tschems's ghost hits you!
* * * LOW HITPOINT WARNING * * *
Unknown command.
You hit tschems's ghost but do no damage.
Your headbutt misses tschems's ghost.
Tschems's ghost is moderately damaged.
The frilled lizard bites you but does no damage.
Tschems's ghost hits you.
* * * LOW HITPOINT WARNING * * *
The frilled lizard bites you.
* * * LOW HITPOINT WARNING * * *
Tschems's ghost hits you!
You die...

#####..........##
...<...........#
.####.####.....######
#.# #........(.# #.#
####.#####.# .#.
.####.### # #
#.........# #.##
#.####.#.###....#
.##...W@.......
.......l#....?.
..###........#. ..#
#...#.#### (. #.###.#
..# .# ..## .# ..#
..#


You could see tschems's ghost and a frilled lizard.

Vanquished Creatures
  An orc wizard (D:3)
  Robin (D:2)
  5 adders (D:2)
  A worm (D:3)
  2 dart slugs
  2 leopard geckos (D:2)
  2 orcs (D:3)
  3 ball pythons
  7 bats
  6 giant cockroaches
  12 goblins
  5 hobgoblins
  3 jackals (D:3)
  3 quokkas
  2 frilled lizards
  6 kobolds
  5 rats
66 creatures vanquished.

Notes
Turn   | Place    | Note
-------+----------+-------------------------------------------
     0 | D:1      | ReignOfFire the Demonspawn Gladiator began the quest for the Orb.
     0 | D:1      | Reached XP level 1. HP: 16/16 MP: 1/1
   155 | D:1      | Gained mutation: You have a pair of small horns on your head. [demonic ancestry]
   155 | D:1      | Reached XP level 2. HP: 22/22 MP: 2/2
   198 | D:1      | Reached skill level 3 in Long Blades
   791 | D:2      | Gained mutation: You are slightly more attuned to the shadows. [demonic ancestry]
   791 | D:2      | Reached XP level 3. HP: 23/27 MP: 3/3
   834 | D:2      | Noticed Robin
   851 | D:2      | Killed Robin
   853 | D:2      | Reached XP level 4. HP: 11/33 MP: 4/4
  1663 | D:3      | Found an opulent altar of Gozag.
  1784 | D:3      | Reached skill level 1 in Stealth
  1803 | D:3      | HP: 1/34 [orc wizard/dagger (1)]
  1806 | D:3      | Reached skill level 4 in Long Blades
  1806 | D:3      | Reached skill level 1 in Armour
  1806 | D:3      | Gained mutation: You have a pair of horns on your head. [demonic ancestry]
  1806 | D:3      | Reached XP level 5. HP: 2/39 MP: 5/5
  2459 | D:3      | Found a sparkling altar of Nemelex Xobeh.
  2557 | D:4      | Noticed tschems's ghost (novice HuFi)
  2561 | D:4      | Gained mutation: Your natural rate of healing is unusually fast. [potion of mutation]
  2561 | D:4      | Gained mutation: You have a pair of large horns on your head. [potion of mutation]
  2561 | D:4      | Gained mutation: You have sharp toenails. [potion of mutation]
  2662 | D:4      | Mangled by tschems's ghost

Skill      XL: |  1  2  3  4 |
---------------+-------------+-----
Throwing       | 2 |  2.0
Long Blades    | 3 4 |  4.1
Dodging        | 3 |  3.3
Stealth        | 1 |  1.0
Armour         | 1 |  1.0
Fighting       | |  2.6

Action                   |  1- 3 |  4- 6 || total
-------------------------+-------+-------++-------
Melee: Long sword        |    72 |    97 ||   169
       Headbutt          |    12 |    22 ||    34
       Kick              |       |     5 ||     5
Throw: Throwing net      |       |     3 ||     3
  Use: Scroll            |       |     1 ||     1
       Potion            |       |     2 ||     2
 Stab: Sleeping          |     2 |     9 ||    11
  Eat: Chunk             |       |     6 ||     6
Armor: Leather armour    |    36 |    23 ||    59
Dodge: Dodged            |    66 |    67 ||   133
       Rpst.: Long sword |    15 |    22 ||    37
